 Dungeon Crawl Stone Soup version 0.30-a0-250-g41c1d76940 (console) character file.

Game seed: 11450815084351430

52558 jejorda2 the Impaler (level 14, 0/172 HPs)
             Began as a Merfolk Berserker on Oct 12, 2022.
             Was a High Priest of Trog.
             Splashed by a goliath frog's acid (7 damage)
             ... on level 5 of the Lair of Beasts.
             The game lasted 00:49:23 (19456 turns).

jejorda2 the Impaler (Merfolk Berserker)           Turns: 19456, Time: 00:49:25

Health: 0/172      AC: 14    Str: 22    XL:     14   Next: 64%
Magic:  4/4        EV: 11    Int:  6    God:    Trog [*****.]
Gold:   748        SH:  0    Dex: 14    Spells: 13/13 levels left

rFire   + . .      SeeInvis .    a - +3 bardiche (antimagic)
rCold   + + .      Faith    +    (shield currently unavailable)
rNeg    . . .      Spirit   .    U - +2 chain mail {rF+}
rPois   +          Reflect  .    B - +2 hat {Stlth+}
rElec   +          Harm     .    S - +0 cloak
rCorr   .          Rampage  .    (no gloves)
Will    +....                    x - +2 pair of boots
Stlth   ..........               w - amulet of faith
HPRegen 0.48/turn                G - +4 ring of protection
MPRegen 0.09/turn                l - ring of the Princess {rElec rPois rC++ AC+4}

@: berserking (expiring), corroded, very quick
A: (nimble swimmer 2), mertail
a: Renounce Religion, Berserk, Trog's Hand, Brothers in Arms


You were on level 5 of the Lair of Beasts.
You worshipped Trog.
Trog was extremely pleased with you.
You visited 2 branches of the dungeon, and saw 17 of its levels.
You also visited: Ossuary, Gauntlet and Volcano.

You collected 933 gold pieces.
You spent 185 gold pieces at shops.

Inventory:

Hand Weapons
 a - a +3 antimagic bardiche (weapon)
 b - a +0 trident
 A - the +3 falchion "Concordance" {vorpal, +Blink rCorr Dex+4 Stlth+}
   (You found it on level 6 of the Dungeon)

   It inflicts extra damage upon your enemies.
   Dex:       It affects your dexterity (+4).
   +Blink:    It lets you blink.
   rCorr:     It protects you from acid and corrosion.
   Stlth:     It makes you more stealthy.
Missiles
 c - a throwing net
 f - 30 poisoned darts (quivered)
 g - 197 stones
 h - 15 boomerangs
 u - 4 javelins
 J - a curare-tipped dart
Armour
 x - a +2 pair of boots (worn)
 B - a +2 hat of stealth (worn)
 S - a +0 cloak (worn)
 U - a +2 chain mail of fire resistance (worn)
Jewellery
 l - the ring of the Princess (right hand) {rElec rPois rC++ AC+4}
   (You found it in a Gauntlet)

   [ring of protection]

   AC:        It affects your AC (+4).
   rC:        It greatly protects you from cold.
   rElec:     It insulates you from electricity.
   rPois:     It protects you from poison.
 v - a ring of positive energy
 w - an amulet of faith (around neck)
 C - a ring of protection from cold
 G - a +4 ring of protection (left hand)
 O - a ring of protection from fire
 R - a ring of ice
 V - a ring of flight
Wands
 y - a wand of mindburst (13)
 D - a wand of roots (3)
 F - a wand of acid (7)
 H - a wand of flame (19)
 I - a wand of digging (29)
 L - a wand of polymorph (2)
 N - a wand of paralysis (5)
Scrolls
 e - 4 scrolls of teleportation
 n - 3 scrolls of fog
 o - 4 scrolls of identify
 p - 3 scrolls of blinking
 E - a scroll of torment
 P - 2 scrolls of fear
 T - 2 scrolls of magic mapping
Potions
 d - 4 potions of lignification
 i - 3 potions of haste
 j - 6 potions of heal wounds
 k - 6 potions of curing
 m - a potion of berserk rage
 q - 2 potions of attraction
 s - 3 potions of might
 t - 6 potions of resistance
 z - a potion of invisibility
 Q - 4 potions of ambrosia
Miscellaneous
 K - a condenser vane
 W - a phial of floods


   Skills:
 - Level 12.1 Fighting
 * Level 20.8 Polearms
 - Level 12.0 Throwing
 - Level 6.0 Armour
 - Level 9.0 Dodging
 - Level 5.2 Evocations


You had 13 spell levels left.
You didn't know any spells.
Your spell library was empty.

Dungeon Overview and Level Annotations

Branches:
Dungeon (12/15)            Temple (0/1) D:4            Lair (5/5) D:10
  Swamp (0/4) Lair:2       Spider (0/4) Lair:2          Orc (0/2) D:11
Ossuary (visited)         Volcano (visited)         Gauntlet (visited)
  Slime: Lair:4-5

Altars:
Elyvilon
Fedhas
Gozag
Hepliaklqana
Kikubaaqudgha
Nemelex Xobeh
Ru
Sif Muna
Trog
Vehumet
The Shining One

Shops:
D:6 *   D:10 (

Annotations:
D:11 Amaemon


Innate Abilities, Weirdness & Mutations

((You are very nimble when in or above water. (Stealth+, EV+, Speed+++)))
Your lower body shifts to a powerful aquatic tail in water.


Message History

Press: ? - help, Dir - move target, f - dream sheep
Aim: a dream sheep (about 30% to evade your +3 antimagic bardiche)
You reach to attack!
You slash the dream sheep!
The dream sheep is heavily wounded.
The wolf bites you but does no damage. x2; The goliath frog hits you from afar!
* * * LOW HITPOINT WARNING * * *
You are splashed with acid!
* * * LOW HITPOINT WARNING * * *
Reach: a) +3 bardiche (antimagic)
Press: ? - help, Dir - move target, f/p - dream sheep
Aim: a dream sheep (heavily wounded, about 30% to evade your +3 antimagic bardiche)
You reach to attack!
You slash the dream sheep!
You kill the dream sheep!
Trog accepts your kill. The wolf closely misses you.
The wolf bites you but does no damage.
The goliath frog hits you but does no damage.
Unknown command.
You slash the wolf!
The wolf is moderately wounded.
The wolf bites you but does no damage. The wolf bites you.
* * * LOW HITPOINT WARNING * * *
You hit the wolf.
The wolf is heavily wounded.
The wolf misses you. The goliath frog hits you from afar!
* * * LOW HITPOINT WARNING * * *
The acid corrodes you!
You are splashed with acid!
* * * LOW HITPOINT WARNING * * *
The wolf closely misses you.
You hit the wolf but do no damage.
The wolf is heavily wounded.
The wolf barely misses you. The wolf bites you.
* * * LOW HITPOINT WARNING * * *
The goliath frog hits you but does no damage.
You slice the wolf!!
You kill the wolf!
Trog accepts your kill. The wolf completely misses you.
The goliath frog hits you from afar!
* * * LOW HITPOINT WARNING * * *
You are splashed with acid!
You die...

##......# ~~ #.......## ~≈~
##.......# ≈~~ #PP......#
~~~ #.......## ~~~
##......# ~~~ #......## ~~
~~. #.......#####..~~
#.......F@S.Y# ###
#..........h†.# ####..
#..........F..# ####..~~~
##............#####~~~~~~~~
#.............#...~F~~~~~~
#.............##.F...~~~~~~
##.............#.FF....~~~~
...................).~~~~~
...............[...~..~~.


You could see a goliath frog, a blink frog, a water moccasin, a wolf and a dream
sheep.

Vanquished Creatures
  Gastronok (Lair:2)
  A minotaur (Gauntlet)
  A dire elephant (Gauntlet)
  The ghost of IdlyInterested the Reanimator, a journeyman DsWn of Makhleb (Lair:1)
  A hydra (Lair:4)
  2 boulder beetles (D:11)
  Erica (Lair:1)
  5 two-headed ogres
  An ogre mage (Volcano)
  A catoblepas (Lair:2)
  A tengu warrior (D:12)
  A hell knight (Volcano)
  A spectral death yak (Lair:1)
  A fire crab (Gauntlet)
  A spectral hydra (Lair:1)
  A bog body (Lair:2)
  A cyclops (shapeshifter) (Gauntlet)
  An elephant (Gauntlet)
  5 black mambas
  2 rust devils (D:10)
  2 molten gargoyles (Volcano)
  18 cane toads
  A gargoyle (D:11)
  2 rime drakes
  7 komodo dragons
  A queen bee (Lair:1)
  A troll (D:10)
  2 polar bears
  A tyrant leech (Lair:5)
  A spectral dream sheep (Lair:1)
  A hornet (D:9)
  15 blink frogs
  5 dream sheep (Lair:5)
  A spectral black mamba (Lair:1)
  2 vampires
  2 shadows (D:11)
  51 yaks
  2 wraiths
  3 wyverns
  4 fire bats
  5 steam dragons
  Grum (D:10)
  A basilisk (Lair:4)
  11 vampire mosquitoes
  Menkaure (D:4)
  An acid dragon (D:11)
  10 water moccasins
  Duvessa (D:6)
  5 orc warriors
  8 black bears
  5 ice beasts
  6 ogres
  3 sky beasts (D:7)
  A centaur (D:8)
  21 wolves
  5 phantoms
  An elf zombie (Ossuary)
  16 bullfrogs
  4 kobold brigands
  2 gnoll sergeants
  7 wights
  A cane toad simulacrum (Lair:1)
  Dowan (D:6)
  2 troll zombies (D:11)
  31 killer bees
  2 howler monkeys (D:9)
  A rime drake simulacrum (Lair:1)
  2 electric eels (Lair:5)
  7 lava snakes
  2 centaur zombies (Ossuary)
  2 hounds
  4 jellies
  A gnoll bouda (D:9)
  A human zombie (Ossuary)
  4 orc priests
  4 iguanas
  8 orc wizards
  4 hell rats (Lair:3)
  4 ogre zombies (D:11)
  2 mummies (Ossuary)
  15 gnolls
  9 adders
  3 shadow imps
  3 white imps
  2 ufetubi
  2 adder zombies (Ossuary)
  4 worms (D:3)
  2 dart slugs
  33 orcs
  4 bats
  6 endoplasms
  4 giant cockroaches
  3 hobgoblins
  4 jackals (D:5)
  18 kobolds
  2 quokkas
  6 ball pythons
  A frilled lizard (D:1)
  4 goblins
  2 goblin zombies
  17 hobgoblin zombies
  8 kobold zombies (Ossuary)
  4 orc skeletons (D:11)
  17 orc zombies
  6 rats
529 creatures vanquished.

Vanquished Creatures (collateral kills)
  2 elephants (Gauntlet)
  A hydra simulacrum (Lair:1)
  3 wolves (Lair:2)
  A bullfrog (Lair:2)
7 creatures vanquished.

Vanquished Creatures (others)
  25 fungi
  97 plants
122 creatures vanquished.

Grand Total: 658 creatures vanquished

Notes
Turn   | Place    | Note
-------+----------+-------------------------------------------
     0 | D:1      | jejorda2 the Merfolk Berserker began the quest for the Orb.
     0 | D:1      | Reached XP level 1. HP: 18/18 MP: 1/1
   185 | D:1      | Reached XP level 2. HP: 22/24 MP: 2/2
   535 | D:1      | Reached XP level 3. HP: 29/29 MP: 3/3
  1180 | D:2      | Reached skill level 5 in Polearms
  1551 | D:2      | Reached ** piety under Trog
  1552 | D:2      | Reached XP level 4. HP: 26/37 MP: 4/4
  1840 | D:3      | Reached skill level 6 in Polearms
  1840 | D:3      | Reached XP level 5. HP: 41/42 MP: 5/5
  1920 | D:3      | Found a faded altar of an unknown god.
  2215 | D:3      | Noticed a phantom
  2223 | D:3      | Killed a phantom
  2224 | D:3      | Reached XP level 6. HP: 49/49 MP: 6/6
  2283 | D:3      | Found an opulent altar of Gozag.
  2283 | D:3      | Found a sparkling altar of Nemelex Xobeh.
  2446 | D:4      | Found a staircase to the Ecumenical Temple.
  2479 | D:4      | Found a sand-covered staircase.
  2484 | Ossuary  | Entered an ossuary
  2602 | Ossuary  | Reached skill level 7 in Polearms
  2645 | Ossuary  | Reached skill level 5 in Fighting
  2645 | Ossuary  | Reached XP level 7. HP: 36/56 MP: 7/7
  2649 | Ossuary  | Reached *** piety under Trog
  2914 | D:4      | Noticed Menkaure
  2927 | D:4      | Killed Menkaure
  2928 | D:4      | Reached skill level 8 in Polearms
  3096 | D:4      | Found a shimmering blue altar of Sif Muna.
  3384 | D:4      | Found a radiant altar of Vehumet.
  3871 | D:5      | Entered Level 5 of the Dungeon
  3996 | D:5      | Reached skill level 9 in Polearms
  4085 | D:5      | Reached XP level 8. HP: 64/64 MP: 8/8
  4412 | D:5      | Found a blossoming altar of Fedhas.
  4412 | D:5      | Found an ancient bone altar of Kikubaaqudgha.
  4431 | D:5      | Reached skill level 10 in Polearms
  4521 | D:5      | Found a hazy altar of Hepliaklqana.
  4980 | D:6      | Identified the +3 falchion "Concordance" {vorpal, +Blink
                  | rCorr Dex+4 Stlth+}
  5090 | D:6      | Noticed Dowan
  5098 | D:6      | Killed Dowan
  5098 | D:6      | Reached **** piety under Trog
  5099 | D:6      | Reached skill level 11 in Polearms
  5353 | D:6      | Noticed a wraith
  5357 | D:6      | Killed a wraith
  5358 | D:6      | Reached XP level 9. HP: 56/69 MP: 9/9
  5436 | D:6      | Reached skill level 12 in Polearms
  5490 | D:6      | Noticed Duvessa
  5499 | D:6      | Killed Duvessa
  5500 | D:6      | Reached skill level 5 in Armour
  5599 | D:6      | Found Yninneimp's CLEARANCE SALE!.
  5601 | D:6      | Found a sacrificial altar of Ru.
  5606 | D:6      | Bought a wand of roots (3) for 14 gold pieces
  5800 | D:6      | Found a white marble altar of Elyvilon.
  5800 | D:6      | Found a glowing golden altar of the Shining One.
  5950 | D:7      | Reached skill level 13 in Polearms
  6609 | D:7      | Identified the +5 ring mail of Fanaticism {rElec rCorr}
  7002 | D:8      | Reached skill level 14 in Polearms
  7011 | D:8      | Reached XP level 10. HP: 58/76 MP: 10/10
  7458 | D:8      | Reached skill level 15 in Polearms
  7858 | D:9      | Reached ***** piety under Trog
  7991 | D:9      | Reached skill level 16 in Polearms
  8149 | D:9      | You fall into a shaft and drop 3 floors!
  8288 | D:12     | Noticed a tengu warrior
  8303 | D:12     | Killed a tengu warrior
  8304 | D:12     | Reached skill level 17 in Polearms
  8648 | D:10     | Entered Level 10 of the Dungeon
  8722 | D:10     | Reached skill level 1 in Throwing
  8737 | D:10     | Found a staircase to the Lair.
  8739 | D:10     | Noticed a two-headed ogre
  8754 | D:9      | Reached XP level 11. HP: 81/81 MP: 11/11
  8893 | D:9      | HP: 6/121 [steam dragon/ball of steam (24)]
  9213 | D:9      | Reached skill level 5 in Dodging
  9807 | D:10     | Noticed Grum
  9810 | D:10     | Found a bloodstained altar of Trog.
  9832 | D:10     | HP: 5/121 [Grum/+0 halberd (20)]
  9834 | D:10     | Killed Grum
 10375 | D:10     | Found Bourejej's Antique Weapon Boutique.
 10390 | D:10     | Noticed a two-headed ogre
 10401 | D:10     | Killed a two-headed ogre
 10529 | D:10     | Bought a glowing glaive for 171 gold pieces
 10652 | D:10     | Reached skill level 18 in Polearms
 11360 | D:11     | Noticed a boulder beetle
 11378 | D:11     | Killed a boulder beetle
 11394 | D:11     | Reached skill level 19 in Polearms
 11500 | D:10     | Reached XP level 12. HP: 88/88 MP: 12/12
 11622 | D:11     | Noticed a boulder beetle
 11630 | D:11     | Killed a boulder beetle
 11653 | D:11     | Reached skill level 20 in Polearms
 11856 | D:11     | Found a staircase to the Orcish Mines.
 12111 | D:11     | Noticed Amaemon
 12290 | Lair:1   | Entered Level 1 of the Lair of Beasts
 12307 | Lair:1   | Noticed Erica
 12314 | Lair:1   | Killed Erica
 12384 | Lair:1   | Reached skill level 5 in Throwing
 12431 | Lair:1   | Received a gift from Trog
 12726 | Lair:1   | Found a runed translucent gate.
 12726 | Lair:1   | Found a runed translucent gate.
 12726 | Lair:1   | Found a runed translucent gate.
 12727 | Lair:1   | Noticed IdlyInterested's ghost (journeyman DsWn)
 13565 | Lair:2   | Found a gate leading to a gauntlet.
 13566 | Lair:2   | Noticed a catoblepas
 13574 | Gauntlet | Entered a Gauntlet
 13574 | Gauntlet | Found a transporter.
 13574 | Gauntlet | Found a transporter.
 13574 | Gauntlet | Found a transporter.
 13637 | Gauntlet | Found a transporter.
 13647 | Gauntlet | Found a transporter.
 13651 | Gauntlet | Found a transporter.
 13653 | Gauntlet | Noticed a dire elephant
 13661 | Gauntlet | Found a transporter.
 13704 | Gauntlet | Found a transporter.
 13704 | Gauntlet | Found a transporter.
 13748 | Gauntlet | Found a transporter.
 13752 | Gauntlet | Found a transporter.
 13762 | Gauntlet | Found a transporter.
 14001 | Gauntlet | Killed a dire elephant
 14003 | Gauntlet | Reached XP level 13. HP: 99/99 MP: 13/13
 14018 | Gauntlet | Identified the ring of the Princess {rElec rPois rC++ AC+4}
 14061 | Gauntlet | Noticed a minotaur
 14075 | Gauntlet | Killed a minotaur
 14111 | Lair:2   | Found a dark tunnel.
 14120 | Volcano  | Entered a volcano
 14324 | Volcano  | Found a radiant altar of Vehumet.
 14621 | Volcano  | Reached skill level 10 in Throwing
 14803 | Lair:2   | Noticed Gastronok
 14815 | Lair:2   | Killed Gastronok
 14969 | Lair:2   | Found a staircase to the Swamp.
 15176 | Lair:2   | Reached skill level 10 in Fighting
 15324 | Lair:2   | Found a hole to the Spider Nest.
 16410 | Lair:3   | Reached skill level 1 in Evocations
 17072 | Lair:1   | Killed IdlyInterested's ghost
 17073 | Lair:1   | Reached XP level 14. HP: 94/111 MP: 14/14
 17643 | Lair:4   | Identified the +5 war axe of Laucum {freeze, rC+ Will+
                  | Dex+6}
 18171 | Lair:5   | Entered Level 5 of the Lair of Beasts
 18563 | Lair:5   | Reached skill level 5 in Evocations
 18897 | Lair:5   | Received a gift from Trog
 19456 | Lair:5   | HP: 7/172 [goliath frog (13)]
 19456 | Lair:5   | Splashed by a goliath frog's acid

Illustrated notes

Levels and vault maps discovered:
D:1:      dpeg_arrival_shelter, layout_loops_ring
D:2:      layout_loops_ring, grunt_decor_cap
D:3:      layout_basic, grunt_temple_overflow_opulence,
          hellmonk_ecumenical_altar_crossroads, grunt_decor_mini_mirrors,
          nicolae_wormholes
D:4:      layout_loops_ring, mainiacjoe_overflow_alcove_4,
          lemuel_coloured_pillars_altar, minmay_temple_entry_gardened_gates,
          enter_ossuary_3, hangedman_decor_slide_cut, uniq_grinder,
          uniq_menkaure
D:5:      layout_gridville, grunt_temple_overflow_growth_and_decay,
          kennysheep_little_box
D:6:      layout_gridville, mainiacjoe_overflow_alcove_1,
          nicolae_overflow_hidden_temple, nicolae_shop_clearance, uniq_duvessa
D:7:      layout_basic
D:8:      layout_basic
D:9:      layout_irregular_city, corexii_corridor_pit, dreamdust_gnoll_shepherd
D:10:     cheibrodos_iron_armory, layout_irregular_city, trog_book,
          hellmonk_lair_entry_icy, nicolae_inconvenience_store, minivault_26,
          nzn_life_drinkers, uniq_grum
D:11:     layout_roguey, zombieorc1_lemuel, kennysheep_big_empty_room,
          uniq_amaemon
D:12:     layout_cave_pods, uniq_maurice
Lair:1:   layout_roguey [special_room_bee], gammafunk_ghost_necromancy,
          uniq_erica
Lair:2:   layout_layer_cave, skrybe_swamp_entry_bodies,
          spider_nest_entry_web_field, gauntlet_entry_generic, enter_volcano_1,
          grunt_megastairs_2, lemuel_fruit_tree, uniq_gastronok
Lair:3:   layout_roguey, beast_lair_carwin_5
Lair:4:   layout_gridlike
Lair:5:   minmay_lair_end_frog_pond, layout_cellular_growth, slime_entry_1

Skill      XL: |  1  2  3  4  5  6  7  8  9 10 11 12 13 14 |
---------------+-------------------------------------------+-----
Polearms       | 5 6 7 9 11 14 17 19 20 | 20.8
Armour         | 2 3 4 5 6 |  6.0
Fighting       | 4 5 6 8 10 12 | 12.1
Dodging        | 4 8 9 |  9.0
Throwing       | 1 3 8 11 12 | 12.0
Evocations     | 2 5 |  5.2

Action                   |  1- 3 |  4- 6 |  7- 9 | 10-12 | 13-15 || total
-------------------------+-------+-------+-------+-------+-------++-------
Melee: Spear             |   132 |    45 |       |       |       ||   177
       Punch             |     1 |       |       |       |       ||     1
       Halberd           |       |   151 |   346 |   388 |       ||   885
       Glaive            |       |       |       |   369 |   562 ||   931
       Bardiche          |       |       |       |       |   114 ||   114
       Trident           |       |       |       |       |     8 ||     8
       Tailslap          |       |       |       |       |     5 ||     5
Throw: Dart              |       |       |     5 |    21 |     9 ||    35
       Throwing net      |       |       |     1 |       |       ||     1
       Boomerang         |       |       |       |     7 |       ||     7
Invok: Berserk           |       |     3 |    11 |    19 |     8 ||    41
       Trog's Hand       |       |     1 |     1 |     8 |     7 ||    17
       Brothers in Arms  |       |       |       |     2 |     1 ||     3
Evoke: Condenser vane    |       |       |       |     1 |       ||     1
  Use: Scroll            |       |     4 |     2 |    14 |     7 ||    27
       Potion            |       |       |       |       |     1 ||     1
 Stab: Distracted        |       |       |       |     1 |       ||     1
Armor: Ring mail         |    31 |     6 |    13 |   170 |    10 ||   230
       Scale mail        |       |    55 |     8 |       |       ||    63
       Chain mail        |       |       |    74 |       |   315 ||   389
       Plate armour      |       |       |    11 |       |       ||    11
Dodge: Dodged            |    61 |   136 |   206 |   462 |   304 ||  1169

Table legend: (Time is in decaauts)
 A = Elapsed time spent in this place.
 B = Non-inter-level travel time spent in this place.
 C = Inter-level travel time spent in this place.
 D = Time resting spent in this place.
 E = Time spent auto-exploring this place.
 F = Levels seen in this place.
 G = Mean time per level.
                   A        B        C        D        E       F      G
               +--------+--------+--------+--------+--------+-----+--------+
         Total |  19391 |  18619 |    772 |   2495 |  12338 |  20 |  969.5 |
       Dungeon |  12066 |  11604 |    462 |   2007 |   7524 |  12 | 1005.5 |
          Lair |   5864 |   5554 |    310 |    333 |   4141 |   5 | 1172.8 |
       Ossuary |    331 |    331 |      0 |      0 |    163 |   1 |  331.0 |
       Volcano |    599 |    599 |      0 |     94 |    232 |   1 |  599.0 |
      Gauntlet |    528 |    528 |      0 |     60 |    277 |   1 |  528.0 |
               +--------+--------+--------+--------+--------+-----+--------+

Top non-repeatable levels by time:
     D:9: 1605 daAuts
  Lair:2: 1556 daAuts
  Lair:4: 1490 daAuts
    D:11: 1446 daAuts
  Lair:1: 1241 daAuts
     D:5: 1175 daAuts
     D:4: 1155 daAuts
    D:10: 1136 daAuts
     D:7: 1046 daAuts
     D:6: 930 daAuts
  Lair:3: 889 daAuts
     D:8: 867 daAuts
     D:2: 844 daAuts
     D:3: 827 daAuts
     D:1: 765 daAuts
